AoeStats
← fat_dgk

Lombardia

508147174Analyzed
4v4 RM · 11d ago on Sep 21, 2026· 55m 33s· 8 players
Game mode
Random Map
Map size
Large (8 player)
Population
200
Speed
Normal
Resources
Standard
Victory
Conquest
Starting age
Dark Age
Ending age
Imperial Age
RankedLock teamsTeams togetherTeam positionsShared explorationLock speedFull tech treeHidden civsTurbo modeCheats
Victory
Defeat
🇲🇽 Hindustanis · Mexico
1192
+15
🇨🇳 Spanish · China
1128
+18
🇺🇸 Magyars · United States
1126
+18
🇨🇳 Mongols · China
1086
+19
🇨🇱 Poles · Chile
1193
-19
🇲🇽 Britons · Mexico
1184
-18
🇵🇪 Mongols · Peru
1152
-17
🇨🇦 Celts · Canada
1140
-16
TheRev9426
8:48 Feudal Age
16:02 Double-Bit Axe
16:22 Loom
18:52 Castle Age
17:19 Fletching
20:05 Bow Saw
21:33 Wheelbarrow
23:08 Hand Cart
22:44 Town Watch
25:23 Stone Mining
27:31 Bodkin Arrow
27:38 Padded Archer Armor
27:37 Gold Mining
28:16 Town Patrol
32:03 Imperial Age
30:01 Ballistics
30:32 Leather Archer Armor
31:02 Treadmill Crane
31:33 Masonry
31:21 Murder Holes
32:42 Fortified Wall
35:07 Two-Man Saw
34:56 Bracer
35:26 Ring Archer Armor
36:32 Conscription
36:33 Yeomen
35:58 Elite Longbowman
37:58 Gold Shaft Mining
39:12 Chemistry
38:42 Architecture
38:09 Horse Collar
39:16 Hoardings
41:07 Guilds
42:07 Forging
41:57 Scale Mail Armor
43:31 Iron Casting
42:19 Pikeman
43:00 Squires
43:10 Halberdier
44:10 Chain Mail Armor
46:02 Blast Furnace
51:56 Plate Mail Armor
51:33 Siege Engineers
51:31 Warwolf
53:12 Coinage
Mine Grote
12:23 Feudal Age
13:37 Double-Bit Axe
13:50 Horse Collar
16:48 Castle Age
15:23 Stone Mining
16:44 Wheelbarrow
23:59 Husbandry
24:43 Fletching
26:02 Ballistics
26:25 Padded Archer Armor
27:23 Heavy Plow
28:42 Bodkin Arrow
30:32 Leather Archer Armor
31:34 Hand Cart
32:16 Bow Saw
36:12 Imperial Age
33:28 Town Watch
33:28 Loom
33:57 Bloodlines
35:54 Forging
35:49 Scale Barding Armor
36:18 Gold Mining
36:19 Elite Mangudai
37:52 Drill
39:15 Conscription
38:48 Heavy Camel Rider
39:52 Caravan
39:55 Bracer
40:30 Iron Casting
40:15 Chain Barding Armor
40:58 Chemistry
41:03 Heavy Scorpion
44:44 Blast Furnace
52:35 Gold Shaft Mining
Method0fMadness
4:15 Loom
11:02 Feudal Age
16:10 Castle Age
14:30 Double-Bit Axe
15:38 Horse Collar
20:34 Wheelbarrow
20:10 Pikeman
22:09 Heavy Plow
23:18 Bow Saw
23:52 Gold Mining
27:35 Hand Cart
27:36 Forging
27:27 Scale Mail Armor
30:24 Imperial Age
29:17 Gold Shaft Mining
29:40 Chain Mail Armor
30:32 Halberdier
30:58 Gambesons
30:58 Arson
33:29 Plate Mail Armor
33:35 Iron Casting
35:06 Caravan
35:22 Elite Woad Raider
35:47 Capped Ram
37:07 Conscription
38:44 Siege Ram
39:53 Furor Celtica
44:59 Crossbowman
46:46 Blast Furnace
45:38 Fletching
45:49 Padded Archer Armor
47:00 Elite Skirmisher
50:12 Heavy Scorpion
50:34 Onager
52:49 Siege Onager
fat_dgk
6:39 Loom
8:58 Feudal Age
11:00 Double-Bit Axe
13:58 Horse Collar
19:04 Forging
20:59 Castle Age
19:28 Scale Barding Armor
20:07 Bloodlines
22:22 Wheelbarrow
22:26 Bow Saw
22:25 Heavy Plow
24:40 Husbandry
29:20 Gold Mining
32:05 Imperial Age
30:55 Hand Cart
31:01 Hand Cart
30:56 Fletching
31:29 Padded Archer Armor
32:37 Ballistics
32:34 Thumb Ring
32:48 Bodkin Arrow
33:09 Leather Archer Armor
33:36 Conscription
32:41 Crossbowman
34:12 Crop Rotation
34:55 Chemistry
33:57 Bracer
33:39 Arbalester
34:55 Treadmill Crane
36:30 Chain Barding Armor
36:45 Iron Casting
37:18 Sanctity
37:22 Town Watch
38:02 Bombard Tower
38:38 Light Cavalry
40:22 Blast Furnace
39:45 Lechitic Legacy
38:46 Elite Obuch
39:26 Stone Mining
40:12 Winged Hussar
45:42 Caravan
PapiChulo
6:19 Loom
11:37 Feudal Age
12:28 Double-Bit Axe
12:54 Horse Collar
15:54 Scale Barding Armor
15:59 Forging
19:36 Bloodlines
22:42 Gold Mining
23:24 Stone Mining
25:43 Castle Age
26:49 Wheelbarrow
25:59 Town Watch
27:14 Bow Saw
27:05 Heavy Plow
27:46 Gold Shaft Mining
27:16 Husbandry
26:41 Light Cavalry
29:05 Chain Barding Armor
30:54 Fervor
31:21 Hand Cart
31:53 Iron Casting
31:08 Fletching
33:48 Bodkin Arrow
36:15 Stone Shaft Mining
36:32 Ballistics
39:51 Imperial Age
40:29 Coinage
40:00 Caravan
39:53 Heavy Camel Rider
41:17 Plate Barding Armor
41:42 Blast Furnace
41:39 Imperial Camel Rider
44:36 Chemistry
45:28 Hussar
49:28 Two-Man Saw
49:30 Conscription
49:15 Grand Trunk Road
51:54 Banking
Agent Orange
8:10 Loom
11:15 Feudal Age
12:41 Double-Bit Axe
13:45 Horse Collar
22:17 Castle Age
20:33 Stone Mining
23:10 Bow Saw
25:06 Wheelbarrow
25:55 Gold Mining
27:24 Gold Shaft Mining
27:38 Corvinian Army
31:05 Heavy Plow
36:37 Imperial Age
34:55 Hand Cart
35:29 Scale Barding Armor
35:37 Bloodlines
36:39 Masonry
37:07 Husbandry
38:06 Conscription
37:23 Elite Magyar Huszar
38:11 Town Watch
39:07 Chain Barding Armor
38:37 Fletching
38:48 Padded Archer Armor
40:36 Plate Barding Armor
40:02 Padded Archer Armor
40:17 Heavy Cavalry Archer
41:25 Parthian Tactics
41:01 Bodkin Arrow
41:49 Recurve Bow
42:25 Hoardings
42:30 Thumb Ring
44:01 Bracer
44:16 Leather Archer Armor
46:26 Ballistics
47:06 Chemistry
49:15 Two-Man Saw
50:03 Caravan
52:48 Crop Rotation
好色小人
11:08 Feudal Age
15:08 Castle Age
15:13 Loom
18:54 Double-Bit Axe
21:58 Horse Collar
26:53 Gold Mining
29:51 Scale Barding Armor
33:32 Imperial Age
32:32 Bloodlines
32:22 Husbandry
33:49 Chain Barding Armor
33:40 Forging
33:41 Town Watch
34:32 Wheelbarrow
34:12 Stone Mining
35:02 Conscription
34:52 Fletching
36:11 Stone Shaft Mining
36:54 Heavy Plow
37:13 Bow Saw
37:42 Ballistics
38:23 Chemistry
37:07 Light Cavalry
38:25 Plate Barding Armor
38:25 Iron Casting
37:59 Hussar
39:52 Iron Casting
40:45 Elite Conquistador
44:31 Blast Furnace
43:52 Hand Cart
43:37 Town Patrol
44:15 Bodkin Arrow
44:20 Padded Archer Armor
45:13 Thumb Ring
44:30 Elite Skirmisher
45:42 Pikeman
46:23 Squires
46:08 Arson
48:40 Halberdier
49:21 Squires
49:07 Gambesons
49:50 Arrowslits
50:15 Masonry
50:16 Fortified Wall
50:27 Scale Mail Armor
50:43 Leather Archer Armor
54:25 Caravan
54:55 Coinage
54:36 Guilds
55:24 Bracer
55:54 Ring Archer Armor
55:39 Chain Mail Armor
出兵保護我~
10:04 Feudal Age
11:06 Loom
15:36 Castle Age
13:25 Double-Bit Axe
14:06 Horse Collar
24:15 Bow Saw
26:15 Wheelbarrow
26:09 Heavy Plow
27:02 Gold Mining
27:57 Hand Cart
27:47 Stone Mining
28:21 Fletching
31:16 Gold Shaft Mining
33:47 Imperial Age
33:05 Stone Shaft Mining
32:28 Bodkin Arrow
32:34 Padded Archer Armor
34:36 Leather Archer Armor
35:28 Ballistics
36:08 Chemistry
36:14 Conscription
36:04 Elite Mangudai
36:48 Bracer
38:33 Drill
39:09 Scale Barding Armor
39:15 Forging
39:56 Parthian Tactics
39:43 Bloodlines
39:34 Husbandry
38:55 Light Cavalry
41:10 Caravan
42:17 Chain Barding Armor
42:33 Iron Casting
41:32 Hussar
47:16 Blast Furnace
46:28 Capped Ram
47:28 Siege Ram
Connection lost

Rejoining the realm…

Still unreachable

The connection could not be restored.

Session expired

The server has moved on; the page needs a fresh start.